 Dungeon Crawl Stone Soup version 0.28.0-45-g0d030f2227 (webtiles) character file.

Game seed: 13311645201460867062

334 Peloso the Slasher (level 6, 0/55 HPs)
             Began as a Minotaur Fighter on Apr 10, 2022.
             Killed by nerve-wracking pain
             ... invoked by Grinder
              (7 damage)
             ... on level 4 of the Dungeon.
             The game lasted 00:03:32 (3910 turns).

Peloso the Slasher (Minotaur Fighter)               Turns: 3910, Time: 00:03:33

Health: 0/55       AC:  7    Str: 21      XL:     6   Next: 27%
Magic:  5/5        EV:  9    Int:  5      God:
Gold:   115        SH:  4    Dex: 10 (11) Spells: 5/5 levels left

rFire   . . .      SeeInvis .   a - +0 long sword
rCold   . . .      Faith    .   c - +0 buckler
rNeg    . . .      Spirit   .   b - +0 scale mail
rPois   .          Reflect  .   (helmet restricted)
rElec   .          Harm     .   (no cloak)
rCorr   .          Rampage  .   (no gloves)
Will    .....                   (no boots)
Stlth   ..........              (no amulet)
HPRegen 0.18/turn               (no ring)
MPRegen 0.09/turn               (no ring)

@: no status effects
A: horns 2, retaliatory headbutt
a: no special abilities


You were on level 4 of the Dungeon.
You visited 1 branch of the dungeon, and saw 4 of its levels.

You collected 115 gold pieces.

Inventory:

Hand Weapons
 a - a +0 long sword (weapon)
Armour
 b - a +0 scale mail (worn)
 c - a +0 buckler (worn)
Jewellery
 p - a ring of magical power
 q - a ring of magical power
 r - a ring of protection from cold
Scrolls
 e - 2 scrolls of summoning {unknown}
 f - 3 scrolls of identify {unknown}
 g - a scroll of blinking {unknown}
 j - a scroll of noise {unknown}
 l - a scroll of teleportation {unknown}
 m - a scroll of fog {unknown}
 n - a scroll of fear {unknown}
Potions
 d - 2 potions of might
 h - 2 potions of haste {unknown}
 i - 3 potions of mutation {unknown}
 k - a potion of curing {unknown}
 o - a potion of cancellation {unknown}


   Skills:
 + Level 4.9 Fighting
 + Level 5.3 Long Blades
 + Level 5.3 Armour
 + Level 1.3 Dodging
 + Level 0.2 Stealth
 + Level 4.3 Shields


You had 5 spell levels left.
You didn't know any spells.
Your spell library contained the following spells:

 Spells                   Type           Power      Damage    Failure   Level
 Pain                     Necr           0%         1d4       87%         1
 Agony                    Necr           0%         N/A       100%        5
 Excruciating Wounds      Necr           0%         N/A       100%        5


Dungeon Overview and Level Annotations

Branches:
Dungeon (4/15)
 Temple: D:4-7

Altars:
Ashenzari
Xom

Annotations:
D:4 Grinder


Innate Abilities, Weirdness & Mutations

You have a pair of horns on your head.
You reflexively headbutt those who attack you in melee.


Message History

You hit Grinder.
Grinder is severely wounded.
The hobgoblin closely misses you. Grinder gestures at you.
Pain shoots through your body!
You closely miss Grinder.
Grinder is severely wounded.
The hobgoblin hits you. Grinder gestures at you. Pain shoots through your body!
* * * LOW HITPOINT WARNING * * *
You slash Grinder! Your headbutt misses Grinder.
Grinder is severely wounded.
Grinder hits you but does no damage.
The hobgoblin hits you but does no damage.
You hit Grinder but do no damage.
Grinder is severely wounded.
Grinder hits you but does no damage.
The hobgoblin hits you but does no damage. x2
Grinder barely misses you.
You hit Grinder but do no damage. Your headbutt misses Grinder.
Grinder is severely wounded.
Grinder gestures at you.
You barely resist. The hobgoblin hits you.
* * * LOW HITPOINT WARNING * * *
You barely miss Grinder.
Grinder is severely wounded.
Grinder hits you.
* * * LOW HITPOINT WARNING * * *
The hobgoblin hits you.
* * * LOW HITPOINT WARNING * * *
You closely miss Grinder.
Grinder is severely wounded.
You block the hobgoblin's attack. You block Grinder's attack.
You hit Grinder. You headbutt Grinder, but do no damage.
Grinder is almost dead.
You block the hobgoblin's attack. Grinder gestures at you.
Pain shoots through your body!
You die...

## ######## ..
#......# #.
#.####.# #..
#.####.# ...#..###
#.#....# ......5.#
#.#.#### #
#@###.#.#
#.#g.<..#.########
#........>........
#.....###..#######
#.###.####.....#
... #....#####.#
########..#.#.....#
#......#..#.#.#####
#.####.####.#.#.#


You could see Grinder and a hobgoblin.

Vanquished Creatures
  Eustachio (D:4)
  2 orc priests (D:3)
  3 gnolls (D:2)
  3 adders
  An adder skeleton (D:4)
  A worm (D:2)
  3 dart slugs
  6 orcs (D:3)
  3 endoplasms
  3 giant cockroaches (D:2)
  5 goblins
  7 hobgoblins
  9 kobolds
  A quokka (D:2)
  6 ball pythons
  4 bats (D:3)
  4 frilled lizards
  A rat (D:1)
63 creatures vanquished.

Notes
Turn   | Place    | Note
-------+----------+-------------------------------------------
     0 | D:1      | Peloso the Minotaur Fighter began the quest for the Orb.
     0 | D:1      | Reached XP level 1. HP: 19/19 MP: 0/0
   275 | D:1      | Reached XP level 2. HP: 25/27 MP: 1/1
   413 | D:1      | Found a faded altar of an unknown god.
   949 | D:2      | Reached XP level 3. HP: 27/33 MP: 2/2
  1378 | D:2      | Reached XP level 4. HP: 40/40 MP: 3/3
  2745 | D:3      | Reached XP level 5. HP: 47/47 MP: 4/4
  2878 | D:3      | Found a shimmering altar of Xom.
  2995 | D:3      | Found a broken altar of Ashenzari.
  3577 | D:4      | Noticed Eustachio
  3615 | D:4      | Killed Eustachio
  3616 | D:4      | Reached skill level 5 in Long Blades
  3616 | D:4      | Reached skill level 5 in Armour
  3616 | D:4      | Reached skill level 1 in Dodging
  3616 | D:4      | Reached XP level 6. HP: 13/55 MP: 5/5
  3896 | D:4      | Noticed Grinder
  3910 | D:4      | Killed from afar by Grinder

Illustrated notes

Levels and vault maps discovered:
D:1:      lightli_arrival_flooded_house, layout_rooms,
          hellmonk_ecumenical_altar_zigzags
D:2:      layout_basic
D:3:      layout_loops_cross, ashenzari_conservatory_becter, xom_teletrap_fun
D:4:      layout_basic, serial_shops, shop_coins, uniq_crazy_yiuf_cottage,
          uniq_grinder, uniq_eustachio, uniq_duvessa, uniq_blork_the_orc,
          uniq_pikel

Skill      XL: |  1  2  3  4  5 |
---------------+----------------+-----
Armour         | 4 5 |  5.3
Fighting       | 4 |  4.9
Long Blades    | 3 4 5 |  5.3
Shields        | 4 |  4.3
Dodging        | 1 |  1.3
Stealth        | |  0.2

Action                   |  1- 3 |  4- 6 || total
-------------------------+-------+-------++-------
Melee: Long sword        |    60 |   129 ||   189
       Headbutt          |     8 |    20 ||    28
Armor: Scale mail        |    27 |    75 ||   102
Dodge: Dodged            |    21 |    51 ||    72
Block: Buckler           |    10 |    35 ||    45
